 Dungeon Crawl Stone Soup version 0.31.0-32-g396128a36d (webtiles) character file.

Game seed: 10746996898547573501

9814 Peloso the Carver (level 11, -1/99 HPs)
             Began as a Minotaur Fighter on Mar 12, 2024.
             Was a High Priest of Okawaru.
             Slain by a troll (7 damage)
             ... on level 11 of the Dungeon.
             The game lasted 00:29:22 (12738 turns).

Peloso the Carver (Minotaur Fighter)               Turns: 12738, Time: 00:29:23

Health: -1/99      AC: 12    Str: 20    XL:     11   Next: 28%
Magic:  10/10      EV:  8    Int:  5    God:    Okawaru [*****.]
Gold:   556        SH:  6    Dex: 15    Spells: 10/10 levels left

rFire   . . .        a - +0 scimitar
rCold   . . .        d - +0 buckler
rNeg    . . .        x - +0 plate armour
rPois   +            (helmet restricted)
rElec   .            (no cloak)
rCorr   .            M - +0 pair of gloves
SInv    .            (no boots)
Will    .....        r - amulet of the acrobat Stlth
                     j - ring of poison resistance
HPRegen 0.36/turn    q - +4 ring of protection
MPRegen 0.12/turn

%: acrobat
@: corroded
A: horns 2, retaliatory headbutt
a: Renounce Religion, Heroism, Finesse, Duel


You were on level 11 of the Dungeon.
You worshipped Okawaru.
Okawaru was extremely pleased with you.
You visited 2 branches of the dungeon, and saw 12 of its levels.
You also visited: Sewer.

You collected 556 gold pieces.

Inventory:

Hand Weapons
 a - a +0 scimitar (weapon)
 c - the +6 whip "Foih" {freeze, rC++}
   (You found it on level 6 of the Dungeon)

   rC++:      It greatly protects you from cold.
Armour
 b - a +0 scale mail
 d - a +0 buckler (worn)
 x - a +0 plate armour (worn)
 M - a +0 pair of gloves (worn)
Jewellery
 f - a ring of protection from fire
 j - a ring of poison resistance (left hand)
 m - a +6 ring of strength
 q - a +4 ring of protection (right hand)
 r - an amulet of the acrobat (around neck)
 A - a ring of ice
 I - a +5 ring of evasion
 K - an amulet of faith
Talismans
 B - the granite talisman of Zoagrad {SInv}
   (You found it on level 10 of the Dungeon)

   [granite talisman]

   SInv:      It lets you see invisible.
Wands
 p - a wand of flame (32)
 F - a wand of iceblast (9)
 G - a wand of digging (4)
Scrolls
 e - 3 scrolls of amnesia
 g - a scroll of fog
 h - 3 scrolls of teleportation {unknown}
 i - a scroll of acquirement
 o - a scroll of brand weapon {unknown}
 y - 2 scrolls of enchant armour
 C - a scroll of noise {unknown}
 E - 6 scrolls of vulnerability
 H - 2 scrolls of identify
 J - a scroll of blinking {unknown}
Potions
 k - 2 potions of haste
 l - 2 potions of enlightenment {unknown}
 n - 2 potions of might
 s - a potion of heal wounds
 t - 5 potions of brilliance
 u - 4 potions of cancellation
 v - 2 potions of invisibility
 w - 2 potions of magic
 z - 2 potions of mutation
 D - 2 potions of curing {unknown}
 L - a potion of degeneration {unknown}


   Skills:
 + Level 9.7 Fighting
 + Level 14.0 Long Blades
 + Level 10.4 Armour
 + Level 4.1 Dodging
 + Level 1.5 Stealth
 + Level 8.1 Shields
 + Level 0.1 Invocations
 + Level 0.4 Evocations


You had 10 spell levels left.
You didn't know any spells.
Your spell library contained the following spells:

 Spells                   Type           Power      Damage    Failure   Level
 Cigotuvi's Dreadful Rot  Necr/Alch/Air  0%         N/A       100%        2
 Sublimation of Blood     Necr           0%         N/A       100%        2
 Ignite Poison            Fire/Alch      0%         N/A       100%        4
 Passage of Golubria      Tloc           0%         N/A       100%        4
 Petrify                  Alch/Erth      0%         N/A       100%        4
 Sticky Flame             Fire/Alch      0%         2d4       100%        4
 Fireball                 Conj/Fire      0%         3d3       100%        5
 Freezing Cloud           Conj/Ice/Air   0%         6-21      100%        5
 Irradiate                Conj/Alch      0%         3d11      100%        5
 Yara's Violent Unravell  Hex/Alch       0%         3d3       100%        5
 Dispersal                Tloc           0%         N/A       100%        6
 Disjunction              Tloc           0%         N/A       100%        8
 Ignition                 Fire           0%         3d3       100%        8
 Tukima's Dance           Hex            Unusable   N/A       N/A         3

Dungeon Overview and Level Annotations

Branches:
Dungeon (11/15)            Temple (1/1) D:5            Lair (0/5) D:11
  Sewer (visited)
    Orc: D:9-12

Altars:
Ashenzari
Cheibriados
Dithmenos
Fedhas
Gozag
Hepliaklqana
Kikubaaqudgha
Makhleb
Nemelex Xobeh
Okawaru
Qazlal
Ru
Sif Muna
Trog
Vehumet
Wu Jian
Xom
Yredelemnul
Zin
The Shining One

Shops:
D:2 =   D:6 =   D:9 :=

Annotations:
D:2 1 runed translucent door, Crazy Yiuf
D:7 Jeremiah
D:10 1 runed translucent door, Beaer's ghost, novice TrFi
D:11 1 runed translucent door


Innate Abilities, Weirdness & Mutations

You have a pair of horns on your head.
You reflexively headbutt those who attack you in melee.


Message History

Unknown command.
You block the troll's attack. x2; The troll completely misses you.
You hit the troll but do no damage. You headbutt the troll.
The troll is lightly wounded.
The troll bites you!
* * * LOW HITPOINT WARNING * * *
The troll closely misses you. The troll claws you but does no damage.
You hit the troll.
The troll is lightly wounded.
You hit the troll. Your headbutt misses the troll.
The troll is moderately wounded.
The troll bites you.
* * * LOW HITPOINT WARNING * * *
You block the troll's attack. x2
You barely miss the troll.
The troll is moderately wounded.
The troll bites you but does no damage. The troll claws you but does no damage.
The troll claws you.
* * * LOW HITPOINT WARNING * * *
You hit the troll but do no damage.
You headbutt the troll, but do no damage.
The troll is moderately wounded.
You hit the troll. Your headbutt misses the troll.
The troll is moderately wounded.
You block the troll's attack. The troll claws you.
* * * LOW HITPOINT WARNING * * *
You block the troll's attack.
You hit the troll.
The troll is heavily wounded.
The troll closely misses you. You furiously retaliate!
You headbutt the troll. The troll claws you.
* * * LOW HITPOINT WARNING * * *
The troll claws you.
* * * LOW HITPOINT WARNING * * *
You hit the troll but do no damage.
The troll is heavily wounded.
The troll barely misses you. The troll claws you.
* * * LOW HITPOINT WARNING * * *
The troll claws you!
You die...

#......#
#...............
#......#
####........####
#......# #........#...
#......# #........#...
##.....# #........#...
#.....# #........#...
####..# #........#...
#..######........#...
####...@....[.......#...
#........T...... #...
#............... #...
#........####### #...
#........# ##..
#........# #..
########.# #.. #.# #...
#.. #.# #....#..


You could see a troll.

Vanquished Creatures
  A deep elf pyromancer (D:11)
  A cyclops (D:11)
  Joseph (D:10)
  A komodo dragon (D:10)
  A troll (D:9)
  A hornet (D:10)
  A vampire (D:11)
  14 yaks
  3 wyverns (D:9)
  A wraith (D:9)
  An acid dragon (D:11)
  2 steam dragons
  7 water moccasins
  4 orc warriors
  A sky beast (D:8)
  6 black bears
  2 ogres
  2 phantoms
  3 centaurs
  7 kobold brigands
  5 bullfrogs
  2 gnoll sergeants
  3 wights (D:8)
  3 killer bees (D:9)
  4 bombardier beetles
  A hound (D:6)
  6 orc priests
  A gnoll bouda (D:7)
  A jelly (D:6)
  2 iguanas
  Terence (D:2)
  A sleepcap (D:3)
  Natasha (thrice) (D:3)
  10 orc wizards
  Robin (D:2)
  16 gnolls
  5 river rats (Sewer)
  19 adders
  2 shadow imps
  2 white imps
  3 ribbon worms
  4 dart slugs
  33 orcs
  7 endoplasms
  9 giant cockroaches
  17 goblins
  12 hobgoblins
  4 jackals (D:4)
  43 kobolds
  3 quokkas
  13 ball pythons
  7 bats
  4 frilled lizards
  21 rats
328 creatures vanquished.

Vanquished Creatures (others)
  A kobold (D:8)
1 creature vanquished.

Grand Total: 329 creatures vanquished

Notes
Turn   | Place    | Note
-------+----------+-------------------------------------------
     0 | D:1      | Peloso the Minotaur Fighter began the quest for the Orb.
     0 | D:1      | Reached XP level 1. HP: 19/19 MP: 0/0
   173 | D:1      | Reached XP level 2. HP: 27/27 MP: 1/1
   612 | D:1      | Reached XP level 3. HP: 33/33 MP: 2/2
  1174 | D:2      | Reached skill level 3 in Long Blades
  1200 | D:2      | Noticed Terence
  1211 | D:2      | Killed Terence
  1212 | D:2      | Reached XP level 4. HP: 23/41 MP: 3/3
  1674 | D:2      | Found Gixtoqad's Jewellery Emporium.
  1875 | D:2      | Found a runed translucent door.
  1876 | D:2      | Noticed Crazy Yiuf
  1902 | D:3      | Noticed Natasha
  1902 | D:3      | Noticed Robin
  1908 | D:2      | Killed Robin
  2049 | D:3      | Killed Natasha
  2050 | D:3      | Reached skill level 1 in Dodging
  2050 | D:3      | Reached XP level 5. HP: 23/47 MP: 4/4
  2156 | D:3      | Found a shadowy altar of Dithmenos.
  2245 | D:3      | Found a faded altar of an unknown god.
  2362 | D:3      | Reached skill level 5 in Armour
  2723 | D:3      | Reached skill level 4 in Long Blades
  3054 | D:3      | Noticed Natasha
  3061 | D:3      | Killed Natasha
  3062 | D:3      | Reached XP level 6. HP: 50/53 MP: 5/5
  3121 | D:3      | Found a glowing golden altar of the Shining One.
  3176 | D:3      | Noticed Natasha
  3182 | D:3      | Killed Natasha
  3890 | D:4      | Reached skill level 5 in Fighting
  3890 | D:4      | Reached skill level 5 in Long Blades
  3975 | D:4      | Reached skill level 1 in Stealth
  3975 | D:4      | Reached XP level 7. HP: 61/61 MP: 6/6
  4067 | D:4      | Reached skill level 6 in Long Blades
  4201 | D:5      | Entered Level 5 of the Dungeon
  4206 | D:5      | Found a glowing drain.
  4405 | Sewer    | Entered a sewer
  4608 | Sewer    | Reached skill level 7 in Long Blades
  4828 | Sewer    | Reached XP level 8. HP: 65/70 MP: 7/7
  4917 | Sewer    | Reached skill level 5 in Shields
  5167 | Sewer    | Identified a scroll of acquirement
  5412 | D:5      | Found a staircase to the Ecumenical Temple.
  5434 | Temple   | Entered the Ecumenical Temple
  5445 | Temple   | Became a worshipper of Warmaster Okawaru
  5620 | D:5      | Reached skill level 8 in Long Blades
  6142 | D:6      | Reached skill level 9 in Long Blades
  6235 | D:6      | Reached * piety under Okawaru
  6370 | D:6      | Reached XP level 9. HP: 77/78 MP: 8/8
  6546 | D:6      | Found Qaunoij's Jewellery Emporium.
  6736 | D:6      | Found a sparkling altar of Nemelex Xobeh.
  6751 | D:6      | Identified the +6 whip "Foih" {freeze, rC++}
  7400 | D:7      | Found an opulent altar of Gozag.
  7437 | D:7      | Reached skill level 10 in Long Blades
  7553 | D:7      | Reached ** piety under Okawaru
  7554 | D:7      | Noticed Jeremiah
  7992 | D:8      | Found a broken altar of Ashenzari.
  8219 | D:8      | Reached skill level 11 in Long Blades
  8640 | D:8      | Reached *** piety under Okawaru
  8641 | D:8      | Reached XP level 10. HP: 37/88 MP: 9/9
  9520 | D:9      | Reached skill level 12 in Long Blades
  9523 | D:9      | Found Ahul's Book Shoppe.
  9623 | D:9      | Found Cikota Pehu's Jewellery Shop.
  9940 | D:9      | Found a shimmering altar of Xom.
 10161 | D:10     | Entered Level 10 of the Dungeon
 10172 | D:10     | Noticed Joseph
 10201 | D:10     | Killed Joseph
 10381 | D:10     | Identified the granite talisman of Zoagrad {SInv}
 11021 | D:10     | Reached **** piety under Okawaru
 11073 | D:10     | Reached skill level 13 in Long Blades
 11293 | D:10     | Got Sif Muna's Dissertation on the Translocated Volcano
 11425 | D:10     | Found a runed translucent door.
 11426 | D:10     | Noticed Beaer's ghost (novice TrFi)
 11570 | D:10     | Noticed a moth of wrath
 11573 | D:10     | Found a bloodstained altar of Trog.
 11777 | D:11     | Noticed a deep elf pyromancer
 11786 | D:11     | Killed a deep elf pyromancer
 11813 | D:10     | Reached XP level 11. HP: 67/97 MP: 10/10
 12010 | D:10     | Reached ***** piety under Okawaru
 12016 | D:10     | Reached skill level 10 in Armour
 12186 | D:11     | Found a staircase to the Lair.
 12298 | D:11     | Noticed a tengu reaver
 12298 | D:11     | Noticed a frost giant
 12298 | D:11     | Noticed a fire dragon
 12299 | D:11     | Found a runed translucent door.
 12300 | D:11     | Noticed a flayed ghost
 12301 | D:11     | Noticed a deep troll earth mage
 12301 | D:11     | Noticed a sphinx
 12301 | D:11     | Noticed a fire dragon
 12348 | D:11     | Received a gift from Okawaru
 12456 | D:11     | Found a blossoming altar of Fedhas.
 12676 | D:11     | Reached skill level 14 in Long Blades
 12738 | D:11     | Slain by a troll

Illustrated notes

Levels and vault maps discovered:
D:1:      lightli_molten_gateway, layout_loops_corners,
          hangedman_decor_clover_reticule, supply_closet_lemuel
D:2:      layout_basic, serial_shops, nicolae_shop_tiny_waterfront,
          chequers_serial_rivers_small_a, minmay_tetromino_l2, uniq_terence,
          uniq_crazy_yiuf_cottage
D:3:      minmay_skewed_foursquare, layout_loops_cross,
          nicolae_dithmenos_shadow_blocks, tso_altar,
          chequers_ecumenical_altar_grove, uniq_natasha, uniq_robin
D:4:      layout_basic, st_stairs_12
D:5:      layout_cave_pools, minmay_temple_entry_junction_2,
          gup_sewer_entry_glass
D:6:      layout_loops_ring, nicolae_overflow_crystal_walls, serial_shops, shop
D:7:      layout_basic, grunt_gozag_statues, nicolae_overflow_hidden_temple,
          uniq_jeremiah
D:8:      layout_loops_corners, ashenzari_altar_1
D:9:      layout_cave_pods, general_overflow_altar, serial_shops,
          nicolae_shop_stone, nicolae_shop_tiny_statue_garden
D:10:     layout_cross, tgw_trog, gammafunk_ghost_grave, uniq_joseph
D:11:     minmay_gate_of_8, layout_irregular_city, due_lair_maze_entry_diamond,
          chequers_mini_garden, fedhas_ov_isle_minmay
Temple:   nicolae_temple_ecumenical_triangle

Skill      XL: |  1  2  3  4  5  6  7  8  9 10 11 |
---------------+----------------------------------+-----
Armour         | 4 5 6 7 9 10 | 10.4
Fighting       | 4 5 6 7 9 |  9.7
Shields        | 4 5 6 7 8 |  8.1
Long Blades    | 3 4 5 7 9 11 13 14 | 14.0
Dodging        | 1 2 3 4 |  4.1
Stealth        | 1 |  1.5
Invocations    | |  0.1
Evocations     | |  0.4

Action                     |  1- 3 |  4- 6 |  7- 9 | 10-12 || total
---------------------------+-------+-------+-------+-------++-------
  Melee: Long sword        |    87 |   157 |   526 |    19 ||   789
         Headbutt          |    19 |    25 |    99 |    77 ||   220
         Scimitar          |       |       |       |   244 ||   244
 Invoke: Heroism           |       |       |       |     1 ||     1
  Evoke: Wand              |       |     5 |       |       ||     5
    Use: Potion            |     2 |     1 |       |     2 ||     5
         Scroll            |       |       |     9 |     4 ||    13
 Armour: Scale mail        |    68 |    60 |       |       ||   128
         Chain mail        |       |    99 |   193 |       ||   292
         Plate armour      |       |       |   219 |   247 ||   466
  Dodge: Dodged            |    49 |    72 |   212 |   157 ||   490
  Block: Buckler           |    12 |    41 |   132 |   100 ||   285
         Form:             |       |       |       |     2 ||     2
         Statue            |       |       |       |     2 ||     2
